 Dungeon Crawl Stone Soup version 0.22-a0-565-gfc6459a524 (webtiles) character file.

510811 Ruukey the Warrior (level 25, 0/168 HPs)
             Began as a Gargoyle Fighter on June 29, 2018.
             Was a High Priest of the Shining One.
             Killed from afar by Jory (88 damage)
             ... with a crystal spear
             ... on level 2 of the Crypt.
             The game lasted 10:00:23 (61434 turns).

Ruukey the Warrior (Gargoyle Fighter)              Turns: 61434, Time: 10:00:24

Health: 0/168      AC: 47    Str: 41    XL:     25   Next: 52%
Magic:  7/37       EV: 16    Int: 21    God:    the Shining One [*****.]
Gold:   244        SH: 26    Dex: 12    Spells: 23/44 levels left

rFire    + . .     SeeInvis +   i - +6 trident of Fee Simple {pierce, rN+ Str+3}
rCold    + . .     Gourm    .   Q - +5 shield {reflect}
rNeg     + + +     Faith    .   d - +10 scale mail of the Wild Haggis {+Inv MR++ Str+6}
rPois    ∞         Spirit   .   h - +2 hat of Discretion {rC- rCorr Int+6}
rElec    +         Reflect  +   S - scarf {rC+ rF+}
rCorr    +         Harm     .   v - +0 pair of gloves of Zijuug {rN+ Regen+ Str+4 Dex-2}
MR       ++++.     Rnd*Rage +   D - +3 pair of boots of the Trout {rC+ rN+ Str-5 Stlth+}
Stlth    ++........             e - amulet of Beogh's Hope {Reflect Str+9 Dex+3 Slay+3 SH+5}
HPRegen  0.78/turn              l - ring of protection from magic
MPRegen  0.25/turn              T - ring of see invisible

@: flying, glowing
A: big wings, berserk 1, negative energy resistance 1, electricity resistance,
unbreathing, petrification resistance, rot immunity, AC +19
}: 2/15 runes: serpentine, barnacled
a: Stop Flying, Divine Shield, Cleansing Flame, Summon Divine Warrior, Renounce
Religion, Evoke Invisibility


You were on level 2 of the Crypt.
You worshipped the Shining One.
The Shining One was extremely pleased with you.
You were not hungry.

You visited 10 branches of the dungeon, and saw 46 of its levels.
You also visited: Ice Cave and Volcano.

You collected 6829 gold pieces.
You spent 6585 gold pieces at shops.

Inventory:

Hand Weapons
 g - a +7 antimagic eveningstar
 i - the +6 trident of Fee Simple (weapon) {pierce, rN+ Str+3}
   (You acquired it on level 1 of the Lair of Beasts)

   It inflicts extra damage upon your enemies.
   It affects your strength (+3).
   It protects you from negative energy.
 m - a +2 antimagic demon trident
 w - a +9 demon trident of electrocution
Missiles
 y - 11 poisoned javelins
 B - 16 tomahawks of returning
 P - 2 javelins of penetration (quivered)
Armour
 d - the +10 scale mail of the Wild Haggis (worn) {+Inv MR++ Str+6}
   (You found it on level 4 of the Shoals)

   It affects your strength (+6).
   It affects your resistance to hostile enchantments.
   It lets you turn invisible.
 h - the +2 hat of Discretion (worn) {rC- rCorr Int+6}
   (Okawaru gifted it to you on level 12 of the Dungeon)

   It affects your intelligence (+6).
   It makes you vulnerable to cold.
   It protects you from acid and corrosion.
 v - the +0 pair of gloves of Zijuug (worn) {rN+ Regen+ Str+4 Dex-2}
   (Okawaru gifted it to you on level 2 of the Vaults)

   It affects your strength (+4).
   It affects your dexterity (-2).
   It protects you from negative energy.
   It increases your rate of regeneration.
 D - the +3 pair of boots of the Trout (worn) {rC+ rN+ Str-5 Stlth+}
   (Okawaru gifted it to you on level 3 of the Depths)

   It affects your strength (-5).
   It protects you from cold.
   It protects you from negative energy.
   It makes you more stealthy.
 Q - a +5 shield of reflection (worn)
 S - a scarf of resistance (worn)
 V - +0 gold dragon scales
Jewellery
 b - the ring "Yvvot" {Str+4 Int+3 Dex+4}
   (You bought it in a shop on level 6 of the Dungeon)

   [ring of intelligence]

   It affects your strength (+4).
   It affects your intelligence (+3).
   It affects your dexterity (+4).
 c - an uncursed ring of resist corrosion
 e - the amulet of Beogh's Hope (around neck) {Reflect Str+9 Dex+3 Slay+3 SH+5}
   (You bought it in a shop on level 1 of the Vaults)

   [amulet of reflection]

   It shields you and reflects attacks.
   It affects your strength (+9).
   It affects your dexterity (+3).
   It affects your accuracy and damage with ranged weapons and melee attacks
   (+3).
   It affects your SH (+5).
 j - an uncursed ring of ice {unknown}
 l - a ring of protection from magic (left hand)
 T - a ring of see invisible (right hand)
 Y - a +5 ring of protection
Wands
 R - a wand of digging (91)
Scrolls
 k - 11 scrolls of fear
 n - 8 scrolls of fog
 o - a scroll of amnesia
 p - a scroll of identify
 q - 2 scrolls of blinking
 t - 18 scrolls of teleportation
 M - 16 scrolls of remove curse
Potions
 a - 7 potions of heal wounds
 E - 2 potions of might
 K - 3 potions of magic
 L - 24 potions of curing
Comestibles
 f - 41 rations


   Skills:
 - Level 20.1 Fighting
 - Level 13.0 Maces & Flails
 - Level 15.6 Polearms
 - Level 7.9 Throwing
 - Level 15.3 Armour
 - Level 10.4 Dodging
 - Level 10.0 Stealth
 - Level 15.2 Shields
 - Level 10.1 Spellcasting
 + Level 6.6 Conjurations
 - Level 8.0 Summonings
 - Level 7.5 Translocations
 - Level 6.7 Air Magic
 + Level 14.9 Earth Magic
 + Level 11.6 Invocations


You had 23 spell levels left.
You knew the following spells:

 Your Spells              Type           Power        Failure   Level  Hunger
a - Apportation           Tloc           #####.       1%          1    None
b - Passwall              Tmut/Erth      #####...     1%          2    None
c - Swiftness             Chrm/Air       ###.....     3%          2    None
d - Summon Lightning Spi  Summ/Air       #####...     4%          4    ##.....
e - Petrify               Tmut/Erth      #####...     4%          4    ##.....
f - Iron Shot             Conj/Erth      ######....   17%         6    ######.
g - Blink                 Tloc           N/A          1%          2    None

Your spell library contained the following spells:

 Spells                   Type           Power        Failure   Level  Hunger
 Magic Dart               Conj           ####         1%          1    None
 Fireball                 Conj/Fire      ###.......   54%         5    ####...
 Conjure Flame            Conj/Fire      ###.....     7%          3    None
 Bolt of Cold             Conj/Ice       ###.......   98%         6    ######.
 Lightning Bolt           Conj/Air       #####.....   17%         5    ####...
 Bolt of Magma            Conj/Fire/Erth #####.....   14%         5    ####...
 Slow                     Hex            ##......     14%         2    None
 Invisibility             Hex            ##......     100%        6    ######.
 Throw Flame              Conj/Fire      ###...       3%          2    None
 Freezing Cloud           Conj/Ice/Air   ####......   92%         6    ######.
 Mephitic Cloud           Conj/Pois/Air  ####....     4%          3    None
 Venom Bolt               Conj/Pois      ###.......   54%         5    ####...
 Olgreb's Toxic Radiance  Pois           ##......     67%         4    ##.....
 Teleport Other           Tloc           #####...     1%          3    None
 Summon Small Mammal      Summ           ####         1%          1    None
 Bolt of Draining         Conj/Necr      ###.......   54%         5    ####...
 Summon Horrible Things   Summ           #####.....   100%        8    #######
 Animate Dead             Necr           N/A          67%         4    ##.....
 Animate Skeleton         Necr           N/A          10%         1    None
 Ozocubu's Refrigeration  Ice            ##........   100%        6    ######.
 Sticky Flame             Conj/Fire      ###.....     24%         4    ##.....
 Summon Ice Beast         Ice/Summ       ####....     19%         4    ##.....
 Call Imp                 Summ           #####...     1%          2    None
 Regeneration             Chrm/Necr      ##........   28%         3    None
 Sting                    Conj/Pois      ###.         2%          1    None
 Summon Demon             Summ           #####.....   10%         5    ####...
 Summon Greater Demon     Summ           #####.....   96%         7    #######
 Shock                    Conj/Air       ####         1%          1    None
 Recall                   Summ/Tloc      N/A          1%          3    None
 Spider Form              Tmut/Pois      ##........   28%         3    None
 Blade Hands              Tmut           ##........   95%         5    ####...
 Statue Form              Tmut/Erth      #####....    54%         6    ######.
 Ice Form                 Ice/Tmut       ##......     67%         4    ##.....
 Dragon Form              Tmut           ##........   100%        7    #######
 Death Channel            Necr           ##........   100%        6    ######.
 Airstrike                Air            #####.....   6%          4    ##.....
 Shadow Creatures         Summ           N/A          47%         6    ######.
 Confusing Touch          Hex            ##....       10%         1    None
 Flame Tongue             Conj/Fire      ###..        2%          1    None
 Sticks to Snakes         Tmut           ##......     14%         2    None
 Call Canine Familiar     Summ           #####...     1%          3    None
 Metabolic Englaciation   Hex/Ice        ##........   95%         5    ####...
 Summon Butterflies       Summ           #####...     1%          1    None
 Shatter                  Erth           ######....   100%        9    #######
 Dispersal                Tloc           #####.....   54%         6    ######.
 Static Discharge         Conj/Air       #####...     1%          3    None
 Alistair's Intoxication  Tmut/Pois      ##......     95%         5    ####...
 Lee's Rapid Deconstruct  Erth           ######....   1%          5    ####...
 Sandblast                Erth           ######       1%          1    None
 Simulacrum               Ice/Necr       ##........   100%        6    ######.
 Excruciating Wounds      Chrm/Necr      ##........   95%         5    ####...
 Monstrous Menagerie      Summ           #####.....   96%         7    #######
 Passage of Golubria      Tloc           N/A          4%          4    ##.....
 Malign Gateway           Summ/Tloc      #####.....   97%         7    #######
 Leda's Liquefaction      Hex/Erth       #####.....   4%          4    ##.....
 Summon Hydra             Summ           #####.....   96%         7    #######
 Darkness                 Hex            ##........   100%        6    ######.
 Shroud of Golubria       Chrm/Tloc      ####......   3%          2    None
 Inner Flame              Hex/Fire       ##......     28%         3    None
 Aura of Abjuration       Summ           #####.....   10%         5    ####...
 Beastly Appendage        Tmut           ##....       10%         1    None
 Force Lance              Conj/Tloc      #####...     4%          4    ##.....
 Infusion                 Chrm           ##..         10%         1    None
 Song of Slaying          Chrm           ##......     14%         2    None
 Spectral Weapon          Hex/Chrm       ##......     28%         3    None
 Summon Forest            Summ/Tloc      #####.....   11%         5    ####...
 Summon Guardian Golem    Hex/Summ       ####....     5%          3    None
 Summon Mana Viper        Hex/Summ       ####....     45%         5    ####...
 Hydra Form               Tmut           ##........   100%        6    ######.
 Irradiate                Conj/Tmut      ###.......   54%         5    ####...
 Gell's Gravitas          Tloc           #####.....   1%          3    None
 Lesser Beckoning         Tloc           #####.....   1%          3    None
 Poisonous Vapours        Pois/Air       ###...       3%          2    None
 Borgnjor's Vile Clutch   Necr/Erth      #####.....   12%         5    ####...


Dungeon Overview and Level Annotations

Branches:
Dungeon (15/15)            Temple (1/1) D:5            Lair (6/6) D:10
 Shoals (4/4) Lair:3        Snake (4/4) Lair:3        Slime (0/5) Lair:5
    Orc (2/2) D:10            Elf (3/3) Orc:2        Vaults (4/5) D:13
  Crypt (2/3) Vaults:3     Depths (5/5) D:15            Zot (0/5) Depths:5

Altars:
Ashenzari
Cheibriados
Dithmenos
Elyvilon
Fedhas
Gozag
Hepliaklqana
Kikubaaqudgha
Makhleb
Nemelex Xobeh
Okawaru
Qazlal
Ru
Sif Muna
Trog
Uskayaw
Vehumet
Wu Jian
Xom
Yredelemnul
Zin
The Shining One
Beogh
Lugonu

Shops:
D:6 =(**   D:13 !   Orc:1 *   Orc:2 (((}   Elf:1 *   Elf:3 *   Snake:4 [
Vaults:1 =*%*   Vaults:3 *   Vaults:4 *   Depths:1 :[%=   Depths:2 *

Portals:
Hell: Depths:1 Depths:2 Depths:3 Depths:4 Depths:5
Abyss: Depths:1 Depths:2 Depths:4
Pandemonium: Depths:3
Ziggurat: Depths:2
Trove: D:15 (give 20 potions of curing)

Annotations:
Crypt:2 Jory


Innate Abilities, Weirdness & Mutations

You are resistant to torment.
Your stone body is resilient. (AC +19)
You are immune to poison.
Your large and strong wings let you fly indefinitely.
You resist negative energy. (rN+)
You are resistant to electric shocks. (rElec)
You can survive without breathing.
You are immune to petrification.
You are immune to rotting.
You tend to lose your temper in combat.


Message History

Jory hits you but does no damage. Jory bites you but does no damage.
There is an open door here.
Things that are here:
a long sword; a leather armour; a war axe You puncture the vampire knight!
The vampire knight is severely damaged.
You block the vampire knight's attack.
The vampire knight bites you but does no damage.
A skeletal warrior comes into view. It is wielding a mace.
You block the vampire mage's attack. x2
You hit the vampire knight but do no damage.
The vampire knight is severely damaged.
You block the skeletal warrior's attack. x2
You block the vampire knight's attack. The vampire knight bites you.
You puncture the vampire knight!
The vampire knight is almost destroyed.
Jory casts a spell at you. The crystal spear hits you!
Ouch! That really hurt!
You die...

#..................
...................
...................
...................
...................
...................
..........ZZ.......
...z....ZzzV....V.
........##@####...
.......#VV8..# ..
.......#.....#
.......#..<..#
.......#.....#
.......#.....#
.......#######


You could see Jory, a vampire knight (invisible), 3 skeletal warriors, a
jiangshi, a vampire mage (invisible), a spark wasp zombie, a yaktaur skeleton,
an iron troll skeleton and a friendly lightning spire.

Vanquished Creatures
  Mara (Crypt:1)
  A juggernaut (Depths:3)
  Boris (Depths:5)
  The ghost of Ruukey the Warrior, a veteran GrFi of the Shining One (Crypt:1)
  The ghost of Ruukey the Warrior, a veteran GrFi of the Shining One (Crypt:1)
  The ghost of Ruukey the Warrior, a veteran GrFi of the Shining One (Crypt:1)
  Bai Suzhen (Elf:3)
  Saint Roka (Elf:3)
  Nikola (Shoals:4)
  2 golden dragons (Depths:3)
  A bone dragon (Depths:5)
  The ghost of Vaysh the Pandemonic, an adept DDHu of Makhleb (Vaults:1)
  A tentacled monstrosity (Depths:3)
  2 liches (Depths:2)
  The ghost of henreader the Crack Shot, an adept CeHu of Okawaru (Vaults:2)
  Rupert (D:15)
  An Ice Fiend (IceCv)
  Asterion (Snake:1)
  4 deep elf blademasters (Elf:3)
  3 deep elf master archers
  7 titans
  4 sphinxes
  Frances (Snake:1)
  2 tengu reavers (Depths:3)
  Polyphemus (Shoals:2)
  Donald (Shoals:4)
  3 ancient champions (Crypt:1)
  2 shadow dragons
  Roxanne (Shoals:4)
  A storm dragon (shapeshifter) (Vaults:1)
  2 storm dragons
  A revenant (Vaults:1)
  6 nagarajas
  Ilsuiw (Shoals:4)
  17 frost giants
  13 fire giants
  15 deep elf sorcerers
  A draconian knight (Depths:5)
  An orc warlord (Vaults:2)
  3 vault wardens
  The ghost of Foic the Peltast, a journeyman MiFi of Jiyva (Snake:3)
  A draconian shifter (Depths:5)
  4 iron dragons
  Aizul (Snake:1)
  4 deep elf elementalists
  2 ghouls (Crypt:1)
  6 ironheart preservers
  6 very ugly things
  14 stone giants
  A dire elephant (D:15)
  5 deep elf demonologists (Elf:3)
  2 black draconians (Crypt:1)
  6 deep elf annihilators
  5 vampire knights
  10 spark wasps
  2 yellow draconians (Crypt:1)
  Azrael (Elf:1)
  A white draconian (Depths:5)
  2 red draconians (Depths:5)
  5 ettins
  The ghost of Ruukey the Fighter, a journeyman GrFi of Uskayaw (D:14)
  Snorg (D:11)
  7 merfolk javelineers (Shoals:4)
  7 deep elf death magi
  12 merfolk impalers
  An eidolon (Vaults:1)
  7 fire dragons
  14 jiangshi
  11 yaktaur captains
  The ghost of Zigma the Blocker, a journeyman DrTm of Ashenzari (D:13)
  Erolcha (D:10)
  3 deep elf high priests
  10 great orbs of eyes
  8 vault guards
  13 hydras
  9 ice dragons
  2 death knights (Crypt:1)
  2 peacekeepers (Elf:1)
  2 spriggan air magi (Depths:3)
  18 naga warriors
  4 rakshasas
  17 anacondas
  8 centaur warriors
  28 two-headed ogres
  A satyr (Shoals:3)
  A spectral stone giant (D:14)
  2 catoblepae
  3 tengu warriors
  16 ogre magi
  7 merfolk aquamancers
  22 dancing weapons
  An alligator snapping turtle (Shoals:4)
  A queen ant (shapeshifter) (Depths:3)
  6 deep troll earth magi
  6 deep troll shamans
  Urug (Orc:1)
  12 death yaks
  14 naga sharpshooters
  11 shock serpents
  A spriggan (Depths:3)
  6 vampire magi
  3 spriggan berserkers
  A large abomination (Elf:3)
  23 deep elf knights
  4 orc high priests
  43 slime creatures
  A sixfirhy (D:14)
  2 iron trolls (Depths:3)
  9 sea snakes
  A titan skeleton (Crypt:1)
  3 shadow wraiths
  25 skeletal warriors
  2 kraken simulacra (Shoals:4)
  8 salamander mystics
  A fire crab (shapeshifter) (Depths:3)
  A storm dragon skeleton (Crypt:2)
  A golden dragon zombie (D:14)
  A death drake (shapeshifter) (Depths:3)
  4 unseen horrors
  2 glowing orange brains
  12 wizards
  14 deep trolls
  9 naga ritualists
  2 flayed ghosts (Vaults:1)
  2 harpies (shapeshifter)
  4 phantasmal warriors
  17 deep elf archers
  3 necromancers
  5 lindwurms
  10 orc knights
  An obsidian statue (D:14)
  14 harpies
  An orb spider (shapeshifter) (Depths:1)
  7 orc sorcerers
  56 deep elf magi
  10 ironbrand convokers
  17 mana vipers
  37 ugly things
  14 salamanders
  An oklob plant (Lair:1)
  A frost giant zombie (Crypt:1)
  3 wolf spiders
  A spectral spriggan (D:14)
  9 manticores
  7 fauns
  7 cyclopes
  A fire giant zombie (Vaults:4)
  A spriggan zombie (D:14)
  8 merfolk sirens
  A frost giant skeleton (Vaults:1)
  9 guardian serpents
  36 black mambas
  Maurice (D:9)
  32 naga magi
  Joseph (Lair:1)
  5 water nymphs
  Psyche (D:10)
  17 vault sentinels
  5 gargoyles
  19 elephants
  An alligator snapping turtle zombie (Crypt:1)
  4 spiny frogs
  A dire elephant skeleton (Crypt:1)
  5 ice statues
  2 rime drakes
  5 komodo dragons
  22 yaktaurs
  6 freezing wraiths
  5 kobold demonologists
  A rime drake (shapeshifter) (Vaults:1)
  A spark wasp simulacrum (D:14)
  A yaktaur (shapeshifter) (D:12)
  10 ice devils
  5 tengu conjurers
  3 efreet
  A hellwing (D:14)
  4 anaconda simulacra (IceCv)
  23 merfolk
  A queen bee (D:8)
  A small abomination (Elf:3)
  4 hornets
  2 polar bears (Lair:6)
  13 trolls
  A wind drake (Shoals:4)
  2 fire dragon zombies (D:14)
  2 harpy skeletons (Volcano)
  2 hornets (shapeshifter)
  11 snapping turtles
  13 blink frogs
  An ice dragon zombie (Vaults:1)
  2 raiju (shapeshifter)
  13 hippogriffs
  7 dream sheep (Shoals:3)
  A deep troll zombie (D:14)
  2 meliai zombies (D:14)
  A fire giant simulacrum (D:14)
  An ettin zombie (Vaults:4)
  2 flying skulls (Volcano)
  31 yaks
  8 shadows
  A vampire (D:12)
  Sigmund (D:4)
  3 air elementals
  22 water elementals
  5 wyverns
  A ynoxinul (D:14)
  4 fire elementals (Elf:1)
  4 wraiths
  A basilisk (shapeshifter) (Depths:3)
  2 basilisks
  3 vampire mosquitoes (D:12)
  4 hungry ghosts
  50 nagas
  6 wargs
  2 harpy simulacra (IceCv)
  An iron troll simulacrum (IceCv)
  5 acid dragons
  4 hydra simulacra
  A floating eye (shapeshifter) (Vaults:1)
  5 porcupines
  3 hell hounds (Elf:1)
  16 water moccasins
  An infernal demonspawn skeleton (Crypt:1)
  36 orc warriors
  7 black bears
  3 sky beasts
  A hornet zombie (D:11)
  3 ice beasts
  7 human zombies
  4 phantoms
  A black bear (shapeshifter) (Vaults:4)
  An elephant skeleton (Crypt:1)
  2 eyes of draining
  An ettin simulacrum (D:14)
  12 centaurs
  3 necrophages
  5 boggarts (Depths:2)
  31 ogres
  7 wolves
  4 human skeletons
  12 crocodiles
  7 big kobolds
  A komodo dragon zombie (Crypt:1)
  17 bullfrogs
  A wyvern skeleton (D:8)
  A wyvern zombie (D:14)
  4 scorpions
  31 killer bees
  16 wights
  2 howler monkeys
  4 crimson imps
  A bullfrog zombie (D:12)
  2 human simulacra
  A quasit (D:14)
  4 centaur zombies
  3 hounds
  27 orc priests
  4 centaur skeletons
  2 jellies
  5 bullfrog skeletons (D:12)
  An iron imp (D:14)
  4 iguanas
  Ijyb (D:4)
  44 orc wizards
  13 worker ants
  A killer bee zombie (D:9)
  3 naga skeletons (Volcano)
  A hound skeleton (D:5)
  3 mummies (Crypt:1)
  4 gnolls (D:9)
  18 adders
  2 shadow imps (D:12)
  2 oozes
  3 worms
  3 leopard geckos
  82 orcs
  3 bats
  5 giant cockroaches
  8 goblins
  8 hobgoblins
  6 jackals
  7 quokkas
  2 ball pythons
  5 frilled lizards
  46 kobolds
  A quokka skeleton (D:5)
  7 rats
  2 bushes (Lair:1)
  2 crawling corpses (Elf:3)
  A fungus (D:11)
  A plant (Lair:1)
  A tentacle (Shoals:4)
1952 creatures vanquished.

Vanquished Creatures (collateral kills)
  The ghost of Ruukey the Warrior, a veteran GrFi of the Shining One (Crypt:1)
  Jorgrun (Crypt:1)
  A fire giant (Depths:3)
  A frost giant (Depths:3)
  2 stone giants
  2 white draconians (Depths:5)
  A deep elf death mage (Elf:3)
  A jiangshi (Crypt:1)
  An ettin (Depths:1)
  A yaktaur captain (Depths:5)
  A fire dragon (Depths:3)
  2 rakshasas
  An ice dragon (Depths:3)
  A death knight (Vaults:4)
  2 two-headed ogres (Depths:2)
  An ogre mage (Vaults:1)
  A tengu warrior (Vaults:2)
  4 skeletal warriors
  2 deep trolls
  A flayed ghost (Depths:3)
  2 deep elf archers (Crypt:1)
  A necromancer (Crypt:1)
  An ironbrand convoker (Vaults:2)
  2 orc knights
  An ugly thing (Vaults:1)
  2 deep elf magi (Crypt:1)
  2 vault sentinels
  A storm dragon simulacrum (Vaults:2)
  2 yaktaurs
  4 slime creatures
  A bog body (Crypt:1)
  A shadow (Crypt:1)
  2 human zombies
  A necrophage (Crypt:1)
  2 ogres
  A wolf (Depths:4)
  A dwarf skeleton (Crypt:1)
  A rat zombie (Crypt:1)
56 creatures vanquished.

Vanquished Creatures (others)
  3 deep elf master archers
  A frost giant (Crypt:1)
  2 stone giants
  A deep elf annihilator (Elf:2)
  A merfolk javelineer (Shoals:4)
  2 yaktaur captains
  2 centaur warriors
  A satyr (Shoals:3)
  2 naga sharpshooters (Snake:4)
  3 deep elf knights
  A sixfirhy (D:14)
  2 deep elf archers
  3 deep elf magi
  A manticore (D:15)
  A black mamba (Snake:3)
  10 yaktaurs
  A bog body (Crypt:1)
  A flying skull (Volcano)
  2 nagas (Snake:4)
  A centaur (Shoals:3)
  A white imp (D:14)
  6 ufetubi (D:14)
  An orc (Orc:1)
  16 fungi
  9 plants
  9 tentacles (Shoals:4)
83 creatures vanquished.

Grand Total: 2091 creatures vanquished

Notes
Turn   | Place    | Note
-------+----------+-------------------------------------------
     0 | D:1      | Ruukey the Gargoyle Fighter began the quest for the Orb.
     0 | D:1      | Reached XP level 1. HP: 14/14 MP: 1/1
   255 | D:1      | Reached XP level 2. HP: 18/19 MP: 2/2
   646 | D:1      | Reached XP level 3. HP: 21/24 MP: 3/3
   772 | D:1      | Reached skill level 4 in Fighting
  1461 | D:2      | Reached XP level 4. HP: 28/30 MP: 4/4
  1913 | D:3      | Reached XP level 5. HP: 27/34 MP: 5/5
  1961 | D:3      | Reached skill level 5 in Fighting
  2795 | D:4      | Noticed Ijyb
  2797 | D:4      | Noticed Sigmund
  3074 | D:4      | Reached XP level 6. HP: 39/40 MP: 6/6
  3213 | D:4      | Killed Ijyb
  3272 | D:4      | Killed Sigmund
  3272 | D:4      | Reached skill level 6 in Fighting
  3272 | D:4      | Reached XP level 7. HP: 24/46 MP: 7/7
  3326 | D:4      | Reached skill level 5 in Maces & Flails
  3600 | D:4      | Found a deep blue altar of Sif Muna.
  3876 | D:5      | Entered Level 5 of the Dungeon
  3910 | D:5      | Reached skill level 5 in Armour
  3970 | D:5      | Reached skill level 5 in Shields
  3984 | D:5      | Reached XP level 8. HP: 52/52 MP: 8/8
  4243 | D:5      | Found a shimmering altar of Xom.
  4674 | D:5      | Found a staircase to the Ecumenical Temple.
  4681 | Temple   | Entered the Ecumenical Temple
  5002 | Temple   | Became a worshipper of Warmaster Okawaru
  5202 | D:6      | Found Cigilale's General Store.
  5207 | D:6      | Bought a ration for 55 gold pieces
  5207 | D:6      | Bought a ration for 55 gold pieces
  5207 | D:6      | Bought a scroll of identify for 22 gold pieces
  5463 | D:6      | Found Wiupp's Assorted Antiques.
  5473 | D:6      | Bought a scroll of identify for 52 gold pieces
  5597 | D:6      | Found Fucu's Jewellery Boutique.
  5639 | D:6      | Found Eple's Food Boutique.
  5749 | D:6      | Found Buozoxt's Weapon Boutique.
  6059 | D:7      | Reached skill level 7 in Fighting
  6209 | D:7      | Reached * piety under Okawaru
  6242 | D:7      | Noticed a hippogriff
  6269 | D:7      | Killed a hippogriff
  6269 | D:7      | Reached XP level 9. HP: 43/57 MP: 6/9
  6435 | D:7      | Found a white marble altar of Elyvilon.
  6571 | D:7      | Reached ** piety under Okawaru
  6683 | D:7      | Learned a level 1 spell: Apportation
  6736 | D:8      | Reached skill level 8 in Fighting
  7362 | D:8      | Reached *** piety under Okawaru
  7374 | D:8      | Reached XP level 10. HP: 43/65 MP: 10/10
  7594 | D:7      | Reached skill level 9 in Fighting
  7965 | D:8      | Found a sparkling altar of Nemelex Xobeh.
  8332 | D:9      | Noticed a gargoyle
  8341 | D:9      | Killed a gargoyle
  8459 | D:9      | Noticed Maurice
  8546 | D:9      | Killed Maurice
  8546 | D:9      | Reached **** piety under Okawaru
  8687 | D:9      | Got a smoking falchion {slice}
  8805 | D:9      | Noticed a two-headed ogre
  8824 | D:9      | Killed a two-headed ogre
  8828 | D:9      | Noticed a two-headed ogre
  9009 | D:9      | Killed a two-headed ogre
  9009 | D:9      | Reached skill level 10 in Fighting
  9009 | D:9      | Reached XP level 11. HP: 43/72 MP: 11/11
  9177 | D:9      | Noticed a two-headed ogre
  9194 | D:9      | Killed a two-headed ogre
  9194 | D:9      | Reached ***** piety under Okawaru
  9667 | D:10     | Entered Level 10 of the Dungeon
  9950 | D:10     | Found a staircase to the Lair.
 10177 | D:10     | Found a staircase to the Orcish Mines.
 10225 | D:10     | Noticed Psyche
 10231 | D:10     | Killed Psyche
 10231 | D:10     | Received a gift from Okawaru
 10795 | D:11     | Reached skill level 1 in Invocations
 11039 | D:11     | Reached skill level 10 in Armour
 11041 | D:11     | Noticed a seven-headed hydra
 11072 | D:11     | Killed a seven-headed hydra
 11189 | D:11     | Noticed a two-headed ogre
 11205 | D:11     | Killed a two-headed ogre
 11259 | D:11     | Noticed a sun demon
 11261 | D:11     | Noticed a sun demon
 11291 | D:11     | Noticed a sun demon
 11365 | Lair:1   | Entered Level 1 of the Lair of Beasts
 11467 | D:10     | Received a gift from Okawaru
 11467 | D:10     | Reached skill level 11 in Fighting
 11483 | D:10     | Got an encrusted morningstar {god gift}
 11494 | D:10     | Identified the +0 morningstar "Liagenwa" {speed, rElec} (Okawaru gifted it to you on level 10 of the Dungeon)
 11546 | Lair:1   | Found a dark tunnel.
 11558 | Lair:1   | Reached skill level 10 in Maces & Flails
 11564 | Volcano  | Entered a volcano
 11634 | Volcano  | Reached XP level 12. HP: 80/80 MP: 11/14
 12288 | Lair:1   | Identified the +12 falchion of True Grit {slice, *Contam MR++ Str+5} (You took it off an orc on level 9 of the Dungeon)
 12298 | Lair:1   | Gained mutation: You tend to lose your temper in combat. [mutagenic glow]
 12376 | Lair:1   | Noticed Joseph
 12409 | Lair:1   | Killed Joseph
 12409 | Lair:1   | Received a gift from Okawaru
 12577 | Lair:1   | Found a blossoming altar of Fedhas.
 13036 | Lair:1   | Reached skill level 5 in Invocations
 13353 | Lair:2   | Reached skill level 1 in Dodging
 13993 | Lair:2   | Reached skill level 12 in Fighting
 14176 | Lair:3   | Found a staircase to the Snake Pit.
 14201 | Lair:3   | Received a gift from Okawaru
 14217 | Lair:3   | Got an ebony long sword {god gift}
 14421 | Lair:3   | Reached XP level 13. HP: 73/86 MP: 15/18
 14952 | Lair:3   | Found a staircase to the Shoals.
 15525 | Lair:4   | Reached ****** piety under Okawaru
 15792 | Lair:4   | Reached skill level 1 in Spellcasting
 16076 | Lair:5   | Received a gift from Okawaru
 16144 | Lair:5   | Found a staircase to the Slime Pits.
 16251 | Lair:5   | Reached skill level 13 in Fighting
 16873 | Lair:6   | Entered Level 6 of the Lair of Beasts
 16995 | Lair:6   | Reached skill level 5 in Dodging
 17048 | Lair:6   | Gained mutation: Your large and strong wings let you fly indefinitely. [Gargoyle growth]
 17048 | Lair:6   | Reached XP level 14. HP: 94/94 MP: 17/20
 17189 | Lair:6   | Received a gift from Okawaru
 17254 | Lair:6   | Got a crude mace {god gift}
 17381 | Lair:6   | Reached skill level 10 in Shields
 17469 | Lair:6   | Identified the +10 long sword "Vaym" {protect, Stlth+} (Okawaru gifted it to you on level 3 of the Lair of Beasts)
 17944 | Lair:6   | Received a gift from Okawaru
 18371 | Lair:1   | Identified the +8 mace of Dullness {vamp, +Inv rF+++ rC+ Str-5} (Okawaru gifted it to you on level 6 of the Lair of Beasts)
 18460 | Orc:1    | Entered Level 1 of the Orcish Mines
 18469 | Orc:1    | Noticed Erolcha
 18481 | D:10     | Killed Erolcha
 18769 | Orc:2    | Entered Level 2 of the Orcish Mines
 19189 | Orc:1    | Reached skill level 10 in Invocations
 19237 | Orc:1    | Found Taiblo Bavvy's Assorted Antiques.
 19367 | Orc:1    | Noticed Urug
 19409 | Orc:1    | Killed Urug
 19474 | Orc:1    | Found a roughly hewn altar of Beogh.
 19501 | Orc:1    | Found a roughly hewn altar of Beogh.
 19693 | Orc:2    | Reached skill level 14 in Fighting
 19703 | Orc:2    | Received a gift from Okawaru
 19808 | Orc:2    | Found a staircase to the Elven Halls.
 19861 | Orc:2    | Reached skill level 1 in Polearms
 19978 | Orc:2    | Reached XP level 15. HP: 71/100 MP: 19/22
 20256 | Orc:2    | Found Pessiriw's Gadget Shop.
 20259 | Orc:2    | Found Pejiladdut's Weapon Shoppe.
 20276 | Orc:2    | Found Qisaa's Weapon Shoppe.
 20278 | Orc:2    | Found Sakef's Weapon Shop.
 20855 | D:11     | Noticed Snorg
 20888 | D:11     | Killed Snorg
 21090 | D:11     | Got a fine ring mail
 21532 | D:12     | Received a gift from Okawaru
 21535 | D:12     | Got a brightly glowing hat {god gift}
 21754 | D:12     | Identified the +2 hat of Discretion {rC- rCorr Int+6} (Okawaru gifted it to you on level 12 of the Dungeon)
 21777 | D:12     | Got a steaming whip {freeze}
 21780 | D:12     | Identified the cursed +1 whip "Stringbean" {freeze, rPois MP+9 Int+4} (You took it off an orc priest on level 12 of the Dungeon)
 21868 | Lair:1   | Identified the +5 ring mail "Ategeot" {*Slow rPois rN+ rCorr} (You found it on level 11 of the Dungeon)
 21984 | D:6      | Bought the ring "Yvvot" {Str+4 Int+3 Dex+4} for 474 gold pieces
 22046 | D:6      | Bought a pair of runed boots for 195 gold pieces
 22046 | D:6      | Bought an engraved book for 390 gold pieces
 22046 | D:6      | Bought a scroll labeled WYTWANGION for 26 gold pieces
 22046 | D:6      | Bought a scroll of teleportation for 78 gold pieces
 22046 | D:6      | Bought a scroll of teleportation for 78 gold pieces
 23496 | D:13     | Found Ziodiminn's Distillery.
 23500 | D:13     | Bought a potion of heal wounds for 50 gold pieces
 23500 | D:13     | Bought a potion of heal wounds for 50 gold pieces
 23500 | D:13     | Bought a potion of curing for 30 gold pieces
 23500 | D:13     | Bought a potion of curing for 30 gold pieces
 23818 | D:13     | Found a runed gate.
 23818 | D:13     | Found a runed gate.
 23819 | D:13     | Found a runed gate.
 24201 | D:13     | Found a gate to the Vaults.
 24431 | D:13     | Noticed Zigma's ghost (journeyman DrTm)
 24445 | D:13     | Reached skill level 5 in Polearms
 24459 | D:13     | Killed Zigma's ghost
 24459 | D:13     | Received a gift from Okawaru
 24460 | D:13     | Got a polished great mace {god gift}
 24462 | D:13     | Identified the +8 great mace of Saut {flame, +Rage rN+ MR-} (Okawaru gifted it to you on level 13 of the Dungeon)
 24604 | D:14     | Reached XP level 16. HP: 107/107 MP: 24/24
 24755 | D:14     | Found a runed gate.
 24755 | D:14     | Found a runed gate.
 24755 | D:14     | Found a runed gate.
 25009 | D:14     | Found an iron altar of Okawaru.
 25107 | D:14     | Received a gift from Okawaru
 25669 | D:14     | Noticed Ruukey's ghost (journeyman GrFi)
 25707 | D:14     | Killed Ruukey's ghost
 25723 | D:14     | Reached skill level 1 in Throwing
 25980 | D:15     | Entered Level 15 of the Dungeon
 26000 | D:15     | Received a gift from Okawaru
 26440 | D:15     | Noticed Rupert
 26466 | D:15     | Killed Rupert
 26728 | D:15     | Found a staircase to the Depths.
 27153 | D:15     | Found a portal to a secret trove of treasure.
 27696 | Shoals:1 | Entered Level 1 of the Shoals
 27958 | Shoals:1 | Received a gift from Okawaru
 28245 | Shoals:1 | Received a gift from Okawaru
 28246 | Shoals:1 | Got a pair of spiked gloves {god gift}
 28412 | Shoals:1 | Identified the +2 pair of gloves "Horin" {Str+4} (Okawaru gifted it to you on level 1 of the Shoals)
 29375 | Shoals:2 | Reached XP level 17. HP: 112/112 MP: 25/25
 29673 | Shoals:3 | Noticed Polyphemus
 29691 | Shoals:2 | Killed Polyphemus
 29730 | Shoals:3 | Reached skill level 15 in Fighting
 30054 | Shoals:3 | Reached skill level 10 in Dodging
 30227 | Shoals:3 | Found a frozen archway.
 30241 | IceCv    | Entered an ice cave
 31418 | IceCv    | Noticed an Ice Fiend
 31434 | IceCv    | Killed an Ice Fiend
 31436 | IceCv    | Got a fine morningstar
 31438 | IceCv    | Got a jewelled ring mail
 31440 | IceCv    | Got a faintly glowing glaive
 32039 | IceCv    | Identified the +7 morningstar of Singoppu {crush, rC+ Dex+7} (You found it in an ice cave)
 32040 | IceCv    | Identified the +7 glaive "Bung" {chop, Str+2} (You found it in an ice cave)
 32041 | IceCv    | Identified the +0 ring mail of Impatience {*Slow rN+++ Str+5} (You found it in an ice cave)
 32504 | Shoals:4 | Entered Level 4 of the Shoals
 32672 | Shoals:4 | Received a gift from Okawaru
 32887 | Shoals:4 | Noticed Donald
 32901 | Shoals:4 | Killed Donald
 33510 | Shoals:4 | Noticed Roxanne
 33524 | Shoals:4 | Killed Roxanne
 33525 | Shoals:4 | Identified Roxanne's Handbook of the Mountains (You took it off Roxanne on level 4 of the Shoals)
 33764 | Shoals:4 | Got a turquoise-encrusted scale mail
 33806 | Shoals:4 | Noticed Ilsuiw
 33868 | Shoals:4 | Killed Ilsuiw
 33872 | Shoals:4 | Reached XP level 18. HP: 61/119 MP: 22/26
 34015 | Shoals:4 | Reached skill level 5 in Throwing
 34231 | Shoals:4 | Noticed Nikola
 34253 | Shoals:4 | Killed Nikola
 34288 | Shoals:4 | Received a gift from Okawaru
 34560 | Shoals:4 | Got a barnacled rune of Zot
 34626 | Shoals:4 | Got a scorched hunting sling
 34878 | Lair:1   | Identified the +6 hunting sling of Ahaghu Fiamn {velocity, rC++} (You found it on level 4 of the Shoals)
 34896 | Lair:1   | Identified the +10 scale mail of the Wild Haggis {+Inv MR++ Str+6} (You found it on level 4 of the Shoals)
 35017 | Snake:1  | Entered Level 1 of the Snake Pit
 35025 | Lair:3   | Reached skill level 10 in Polearms
 35027 | Lair:3   | Received a gift from Okawaru
 35157 | Snake:1  | Noticed Aizul
 35182 | Snake:1  | Killed Aizul
 35197 | Snake:1  | Noticed Asterion
 35250 | Snake:1  | Killed Asterion
 35262 | Snake:1  | Learned a level 2 spell: Passwall
 35265 | Snake:1  | Learned a level 2 spell: Swiftness
 35271 | Snake:1  | Learned a level 4 spell: Summon Lightning Spire
 35348 | Snake:1  | Noticed Frances
 35358 | Snake:1  | Killed Frances
 35358 | Snake:1  | Reached skill level 1 in Earth Magic
 35439 | Snake:1  | Reached skill level 1 in Summonings
 35439 | Snake:1  | Reached skill level 1 in Air Magic
 35751 | Snake:2  | Received a gift from Okawaru
 35781 | Snake:2  | Got a bloodstained robe {god gift}
 36213 | Snake:2  | Reached skill level 5 in Spellcasting
 36570 | Snake:2  | Reached XP level 19. HP: 112/124 MP: 27/27
 36693 | Snake:2  | Identified the +1 robe "Noplulygu" {MR+ Stlth+} (Okawaru gifted it to you on level 2 of the Snake Pit)
 37108 | Snake:3  | Reached skill level 5 in Earth Magic
 37423 | Snake:3  | Received a gift from Okawaru
 37628 | Snake:3  | Found a runed door.
 37631 | Snake:3  | Noticed Foic's ghost (journeyman MiFi)
 37660 | Snake:3  | Killed Foic's ghost
 37660 | Snake:3  | Received a gift from Okawaru
 37881 | Snake:4  | Entered Level 4 of the Snake Pit
 37986 | Snake:4  | Found a shattered altar of Ashenzari.
 38240 | Snake:4  | Reached skill level 5 in Summonings
 38288 | Snake:4  | Found Ginureur's Antique Armour Shop.
 38294 | Snake:4  | Bought smelly quicksilver dragon scales for 2015 gold pieces
 38294 | Snake:4  | Identified the quicksilver dragon scales of Surprise {MR+ Str+6} (You bought it in a shop on level 4 of the Snake Pit)
 38410 | Snake:4  | Got a faintly glowing chain mail
 38459 | Snake:4  | Received a gift from Okawaru
 38481 | Snake:4  | Identified the cursed +0 chain mail of Coumuod {+Blink rPois rCorr} (You found it on level 4 of the Snake Pit)
 38541 | Snake:4  | Reached skill level 5 in Air Magic
 38685 | Snake:4  | Received a gift from Okawaru
 38822 | Snake:4  | Got a twisted dagger
 39108 | Snake:4  | Received a gift from Okawaru
 39160 | Snake:4  | Reached XP level 20. HP: 130/130 MP: 25/28
 39395 | Snake:4  | Got a serpentine rune of Zot
 39738 | Lair:1   | Identified the +7 dagger "Jellybane" {speed, Fragile rElec Dex+6} (You found it on level 4 of the Snake Pit)
 39888 | D:6      | Bought a ration for 60 gold pieces
 39888 | D:6      | Bought a ration for 60 gold pieces
 39888 | D:6      | Bought a ration for 60 gold pieces
 39888 | D:6      | Bought a ration for 60 gold pieces
 39888 | D:6      | Bought a ration for 60 gold pieces
 39888 | D:6      | Bought a ration for 60 gold pieces
 39888 | D:6      | Bought a ration for 60 gold pieces
 39888 | D:6      | Bought a ration for 60 gold pieces
 39888 | D:6      | Bought a ration for 60 gold pieces
 39888 | D:6      | Bought a ration for 60 gold pieces
 39888 | D:6      | Bought a ration for 60 gold pieces
 40009 | Orc:1    | Bought a potion of agility for 92 gold pieces
 40009 | Orc:1    | Bought a scroll of enchant weapon for 172 gold pieces
 40009 | Orc:1    | Bought a potion of might for 92 gold pieces
 40009 | Orc:1    | Bought a dented emerald amulet for 115 gold pieces
 40119 | Lair:1   | Learned a level 4 spell: Petrify
 40185 | Elf:1    | Entered Level 1 of the Elven Halls
 40193 | Elf:1    | Noticed Azrael
 40200 | Elf:1    | Received a gift from Okawaru
 40215 | Elf:1    | Killed Azrael
 40528 | Elf:1    | Reached skill level 10 in Earth Magic
 40658 | Elf:1    | Identified Wiathriwk's Almanac of Supportive Protection
 40782 | Elf:1    | Found Lasil's Assorted Antiques.
 41028 | Elf:1    | Received a gift from Okawaru
 41499 | Elf:2    | Received a gift from Okawaru
 41500 | Elf:2    | Got an ichor-stained quarterstaff {god gift}
 41501 | Elf:2    | Identified the +8 quarterstaff "Miofemoe" {antimagic, rElec rPois} (Okawaru gifted it to you on level 2 of the Elven Halls)
 41680 | Elf:2    | Reached skill level 16 in Fighting
 41860 | Elf:2    | Found a huge runed gate.
 41860 | Elf:2    | Found a huge runed gate.
 41862 | Elf:2    | Found a huge runed gate.
 42463 | Elf:3    | Entered Level 3 of the Elven Halls
 42517 | Elf:3    | Received a gift from Okawaru
 42586 | Elf:3    | Noticed Saint Roka
 42615 | Elf:3    | Killed Saint Roka
 42810 | Elf:3    | Found Ovirawkups's Assorted Antiques.
 43080 | Elf:3    | Bought a potion of heal wounds for 205 gold pieces
 43191 | Elf:3    | Reached XP level 21. HP: 106/137 MP: 17/29
 43313 | Elf:3    | Noticed Bai Suzhen
 43339 | Elf:3    | Killed Bai Suzhen
 44211 | Elf:3    | Received a gift from Okawaru
 44232 | Elf:3    | Reached skill level 15 in Armour
 44255 | Elf:3    | Reached skill level 15 in Shields
 44278 | Elf:3    | Received a gift from Okawaru
 44512 | Elf:3    | Reached skill level 17 in Fighting
 44668 | Elf:3    | Got a faintly glowing falchion {drain}
 44880 | Elf:3    | Identified the +1 falchion "Peughoaw" {drain, rC+} (You took it off a deep elf demonologist on level 3 of the Elven Halls)
 44934 | Elf:3    | Got an encrusted longbow
 44940 | Elf:3    | Identified the cursed +0 longbow of Annoyance {freeze, rF+ Str+5 Int+4} (You found it on level 3 of the Elven Halls)
 45622 | Vaults:1 | Entered Level 1 of the Vaults
 45664 | Vaults:1 | Found Zaolo's Food Boutique.
 45667 | Vaults:1 | Found Waizxaa's Assorted Antiques.
 45674 | Vaults:1 | Bought a potion of heal wounds for 130 gold pieces
 45706 | Vaults:1 | Reached skill level 1 in Stealth
 45912 | Vaults:1 | Received a gift from Okawaru
 46088 | Vaults:1 | Received a gift from Okawaru
 46174 | Vaults:1 | Found Perof's General Store.
 46186 | Vaults:1 | Bought a scroll of teleportation for 57 gold pieces
 46331 | Vaults:1 | Found Keish's Jewellery Shop.
 46570 | Vaults:1 | Reached XP level 22. HP: 116/145 MP: 19/30
 46914 | Vaults:1 | Found a runed gate.
 46915 | Vaults:1 | Found a runed gate.
 46915 | Vaults:1 | Found a runed gate.
 46921 | Vaults:1 | Noticed Vaysh's ghost (adept DDHu)
 46956 | Vaults:1 | Killed Vaysh's ghost
 46956 | Vaults:1 | Reached skill level 5 in Stealth
 47352 | Vaults:1 | Received a gift from Okawaru
 47653 | Vaults:2 | Received a gift from Okawaru
 48292 | Vaults:2 | Received a gift from Okawaru
 48294 | Vaults:2 | Got a pair of faintly glowing gloves {god gift}
 48295 | Vaults:2 | Identified the +0 pair of gloves of Zijuug {rN+ Regen+ Str+4 Dex-2} (Okawaru gifted it to you on level 2 of the Vaults)
 48351 | Vaults:2 | Found a runed gate.
 48351 | Vaults:2 | Found a runed gate.
 48351 | Vaults:2 | Found a runed gate.
 48353 | Vaults:2 | Noticed henreader's ghost (adept CeHu)
 48354 | Vaults:2 | Found an iron altar of Okawaru.
 48384 | Vaults:2 | Killed henreader's ghost
 48627 | Vaults:2 | Learned a level 6 spell: Iron Shot
 48639 | Vaults:2 | Got a scorched jade amulet
 48640 | Vaults:2 | Identified the amulet "Asociq" {RegenMP rElec Stlth+} (You found it on level 2 of the Vaults)
 48689 | Vaults:2 | Reached skill level 18 in Fighting
 49650 | Vaults:3 | Got a dazzling hand crossbow
 49751 | Vaults:3 | Found Nesaokag's General Store.
 49955 | Vaults:3 | Found a staircase to the Crypt.
 49955 | Vaults:3 | Found a basalt altar of Yredelemnul.
 49956 | Vaults:3 | Found an ancient bone altar of Kikubaaqudgha.
 50265 | Vaults:4 | Received a gift from Okawaru
 50343 | Vaults:4 | Got a shimmering short sword
 50360 | Vaults:4 | Reached XP level 23. HP: 153/153 MP: 31/31
 50582 | Vaults:4 | Received a gift from Okawaru
 50656 | Vaults:4 | Reached skill level 15 in Polearms
 50744 | Vaults:4 | Found a blossoming altar of Fedhas.
 51010 | Vaults:4 | Found Deheivocwo's General Store.
 51069 | Vaults:4 | Received a gift from Okawaru
 51085 | Vaults:4 | Identified the +3 short sword of Ancient Evil {freeze, rF+ Dex+5} (You found it on level 4 of the Vaults)
 51724 | Lair:1   | Identified the +7 hand crossbow of Hepliaklqana's Pride {flame, rElec rC+ Stlth+} (You found it on level 3 of the Vaults)
 51759 | Lair:1   | Learned a level 2 spell: Blink
 51954 | Depths:1 | Entered Level 1 of the Depths
 51954 | Depths:1 | Found Maeleess's Food Emporium.
 52015 | Depths:1 | Received a gift from Okawaru
 52103 | Depths:1 | Found Sugh's Book Shop.
 52140 | Depths:1 | Reached skill level 10 in Stealth
 52374 | Depths:1 | Reached skill level 1 in Translocations
 52402 | Depths:1 | Found Zahattir's Jewellery Emporium.
 52410 | Depths:1 | Found Igrowink's Antique Armour Emporium.
 52431 | Depths:1 | Found a gateway to Hell.
 52705 | Depths:1 | Found a one-way gate to the infinite horrors of the Abyss.
 52891 | Depths:2 | Found Deustruma's Assorted Antiques.
 53244 | Depths:2 | Identified the Disquisition on Spatial Arcane Weapons
 53313 | Depths:2 | Found a deep blue altar of Sif Muna.
 53535 | Depths:2 | Identified Sif Muna's Almanac of Bewitching Self-Knowledge
 53836 | Depths:2 | Found a gateway to a ziggurat.
 53860 | Depths:2 | Received a gift from Okawaru
 54110 | Depths:3 | Reached skill level 19 in Fighting
 54169 | Depths:3 | Identified a scroll of acquirement
 54339 | Depths:3 | Found a one-way gate leading to the halls of Pandemonium.
 54533 | Depths:3 | Received a gift from Okawaru
 54563 | Depths:3 | Got a pair of spiked boots {god gift}
 54601 | Depths:3 | Identified the +3 pair of boots of the Trout {rC+ rN+ Str-5 Stlth+} (Okawaru gifted it to you on level 3 of the Depths)
 54656 | Depths:3 | Reached XP level 24. HP: 160/160 MP: 30/34
 54750 | Depths:3 | Reached skill level 5 in Translocations
 54774 | Depths:3 | Noticed a juggernaut
 54790 | Depths:3 | Killed a juggernaut
 55813 | Depths:3 | Got an iridescent morningstar {drain}
 55947 | Depths:3 | Identified the +5 morningstar of Ydijeg {drain, +Blink} (You took it off a deep elf annihilator on level 3 of the Depths)
 56253 | Depths:4 | Found a corrupted altar of Lugonu.
 56374 | Depths:4 | Got a fine rapier
 56781 | Depths:5 | Entered Level 5 of the Depths
 56843 | Depths:5 | Received a gift from Okawaru
 56942 | Depths:5 | Reached skill level 1 in Conjurations
 57075 | Depths:5 | Noticed Boris
 57098 | Depths:5 | Killed Boris
 57284 | Depths:5 | Found a gate to the Realm of Zot.
 57600 | Depths:5 | Reached skill level 20 in Fighting
 58328 | Vaults:1 | Bought the amulet of Beogh's Hope {Reflect Str+9 Dex+3 Slay+3 SH+5} for 1462 gold pieces
 58633 | Temple   | Fell from the grace of Okawaru
 58633 | Temple   | Became a worshipper of the Shining One
 58810 | Lair:1   | Got a polished trident
 58811 | Lair:1   | Identified the +6 trident of Fee Simple {pierce, rN+ Str+3} (You acquired it on level 1 of the Lair of Beasts)
 59050 | Crypt:1  | Entered Level 1 of the Crypt
 59094 | Crypt:1  | Reached XP level 25. HP: 168/168 MP: 33/36
 59238 | Crypt:1  | Reached * piety under the Shining One
 59282 | Crypt:1  | Noticed Jorgrun
 59295 | Crypt:1  | Killed Jorgrun
 59300 | Crypt:1  | Noticed Mara
 59306 | Crypt:1  | Noticed Ruukey's illusion
 59381 | Crypt:1  | Reached ** piety under the Shining One
 59402 | Crypt:1  | Noticed Ruukey's illusion
 59479 | Crypt:1  | Killed Mara
 59675 | Crypt:1  | Reached *** piety under the Shining One
 59785 | Crypt:1  | Reached skill level 5 in Conjurations
 59791 | Crypt:1  | Reached skill level 10 in Spellcasting
 59798 | Crypt:1  | Reached **** piety under the Shining One
 59982 | Crypt:1  | Reached ***** piety under the Shining One
 60646 | Crypt:1  | Found an ancient bone altar of Kikubaaqudgha.
 60715 | Crypt:1  | Found a runed gate.
 60716 | Crypt:1  | Found a runed gate.
 60717 | Crypt:1  | Found a runed gate.
 60718 | Crypt:1  | Noticed Ruukey's ghost (veteran GrFi)
 60718 | Crypt:1  | Noticed Ruukey's ghost (veteran GrFi)
 60719 | Crypt:1  | Noticed Ruukey's ghost (veteran GrFi)
 60719 | Crypt:1  | Noticed Ruukey's ghost (veteran GrFi)
 60778 | Crypt:1  | Killed Ruukey's ghost
 60862 | Crypt:1  | Killed Ruukey's ghost
 60972 | Crypt:1  | Killed Ruukey's ghost
 61000 | Crypt:1  | Killed Ruukey's ghost
 61373 | Crypt:2  | Noticed Jory
 61434 | Crypt:2  | Killed from afar by Jory

Vault maps used:
D:1:      nagdon_arrival_zigzag_paths
D:2:      first_ration, grunt_ministairs_3
D:4:      lemuel_doored_altar, minmay_a_box_with_orc_wizards_in_it,
          uniq_sigmund, uniq_ijyb
D:5:      minmay_temple_entry_enclosed_plants, basic_altar
D:6:      serial_shops, shop, shop, shop, nicolae_shop_waterfront, shop
D:7:      basic_altar
D:8:      david_nohive_1, nemelex_diamond_rough_becter
D:9:      uniq_maurice
D:10:     due_lair_maze_entry_diamond, orc_0_dummy, minmay_misc_feat_plants,
          uniq_psyche
D:11:     minmay_gold_behind_fungi, uniq_snorg
D:12:     minmay_the_grid_square_5x5_4x4_mashed
D:13:     grunt_vaults_entry_fortified, serial_shops, shop,
          gammafunk_ghost_hydra_chop
D:14:     gammafunk_ghost_necromancy, lab_entry_generic,
          okawaru_ov_weapons_minmay, hangedman_devilish_allure
D:15:     hangedman_depths_entry_try_elsewhere_first,
          nicolae_trove_entry_crystal, uniq_rupert
Temple:   nicolae_temple_the_god_donut
Lair:1:   enter_volcano_2, tgw_fedhas, uniq_joseph
Lair:3:   elwin_shoals_entry_rocks, minmay_snake_entry_six_corridors
Lair:5:   minmay_slime_entry_pillars
Lair:6:   grunt_lair_end_beastmaster, st_stairs_6
Shoals:1: nicolae_shoals_so_close
Shoals:3: cheibrodos_shoals_satyrical_garden,
          portal_ice_cave_entry_ice_statue_one, uniq_polyphemus
Shoals:4: shoals_end_grunt_ice, shoals_ilsuiw_ice, uniq_donald, uniq_roxanne,
          uniq_nikola
Snake:1:  uniq_aizul, uniq_asterion, uniq_frances
Snake:3:  ebering_ghost_inner_flame, lemuel_fruit_tree
Snake:4:  snake_pit_salamanders_mu, serial_shops, shop, basic_altar,
          serial_bayou_shore_b
Orc:1:    serial_shops, shop, basic_altar, david_defended_altar_orc, uniq_urug,
          uniq_erolcha
Orc:2:    st_orc_elflike
Elf:1:    eino_elf_arrival_shootout, portal_desolation_entry_twin_temple,
          serial_shops, nicolae_shop_temple_entry_statues_fountains,
          hangedman_elf_represent, uniq_azrael
Elf:3:    minmay_elf_hall_circle, serial_shops, shop_fountains,
          lemuel_flamethrower_1, uniq_bai_suzhen, uniq_saint_roka
Vaults:1: gammafunk_vaults_ghost_spectres, v_pattern_5, vaults_room_boxed,
          nicolae_vaults_what_the_h, v_misc_23, v_misc_11, vaults_dpeg_hooks,
          ontoclasm_vaults_gallery, serial_glass, serial_shops,
          nicolae_shop_statue_plus, nicolae_shop_window_shopping,
          nicolae_shop_statue_plus, nicolae_shop_statue_plus
Vaults:2: gammafunk_vaults_ghost_fury_of_okawaru,
          ontoclasm_vaults_claustrophobia, grunt_vaults_trifunnel,
          nicolae_vaults_mini_display_case, vaults_room_stairs_pillars,
          nicolae_vaults_network_quinsquares, ontoclasm_vaults_decontamination,
          nicolae_vaults_ninety_degrees, nicolae_vaults_puzzle_piece,
          vaults_room_grunt_arrival_ludios
Vaults:3: v_misc_2, grunt_vaults_hallway_short, vaults_room_door_ring,
          hangedman_vaults_nails, ontoclasm_vaults_shuriken,
          minmay_crypt_entry_necro_gods, nicolae_vaults_circle_grid_b,
          vaults_standard_mumra_lines, nicolae_vaults_circle_grid_a,
          v_alt_pattern_3, hangedman_vaults_capsules, ontoclasm_vaults_pinch,
          nicolae_vaults_diagonal_hallway_8, v_pattern_4,
          hangedman_vaults_snaps, serial_shops, shop
Vaults:4: v_misc_10, v_misc_33, vaults_room_mumra_shop_pool,
          nicolae_vaults_quartermaster, vaults_mumra_hexcomb,
          ontoclasm_vaults_ring_large, v_misc_29, ontoclasm_vaults_ring_small,
          ontoclasm_vaults_ring_large, grunt_vaults_funnel, basic_altar
Crypt:1:  gammafunk_ghost_cemetery, lemuel_mausoleum_altar_kikubaaqudgha,
          uniq_jorgrun, uniq_mara
Crypt:2:  uniq_jory
Depths:1: hell_entry, serial_shops, nicolae_shop_behind_doors, shop,
          shop_fountains, kennysheep_mini, abyss_entry_crystal,
          corexii_hall_statues_s, kennysheep_generic_room_11,
          serial_bayou_shore_b
Depths:2: evilmike_library_of_no_secrets, enter_ziggurat_d, minmay_fountain_box,
          hell_entry, serial_shops, nicolae_shop_behind_doors,
          abyss_entry_small_statue_room, infiniplex_staircase_pillars_2
Depths:3: grunt_runaround, hell_entry, pan_entry
Depths:4: grated_community_mu, minmay_misc_feat_nine_boxes,
          abyss_entry_flame_altar, hell_entry
Depths:5: evilmike_zot_entry_round, pf_coc_iceberg, uniq_boris
IceCv:    ice_cave_tombish
Volcano:  volcano_tomb

Skill      XL: |  1  2  3  4  5  6  7  8  9 10 11 12 13 14 15 16 17 18 19 20 21 22 23 24 25 |
---------------+----------------------------------------------------------------------------+-----
Fighting       | 4 5 6 7 8 10 11 12 13 14 15 16 17 18 19 20 | 20.1
Maces & Flails | 3 4 5 6 7 8 10 11 12 13 | 13.0
Armour         | 4 5 6 7 9 10 11 12 13 14 15 | 15.3
Shields        | 4 5 6 7 9 10 11 13 14 15 | 15.2
Invocations    | 3 6 8 10 11 | 11.6
Dodging        | 2 5 6 8 9 10 | 10.4
Spellcasting   | 3 4 5 7 9 10 | 10.1
Polearms       | 1 5 7 9 10 11 12 14 15 | 15.6
Throwing       | 4 7 |  7.9
Earth Magic    | 4 9 10 12 13 14 | 14.9
Summonings     | 3 6 8 |  8.0
Air Magic      | 2 6 |  6.7
Stealth        | 4 8 10 | 10.0
Translocations | 4 7 |  7.5
Conjurations   | 3 6 |  6.6

Action                   |  1- 3 |  4- 6 |  7- 9 | 10-12 | 13-15 | 16-18 | 19-21 | 22-24 | 25-27 || total
-------------------------+-------+-------+-------+-------+-------+-------+-------+-------+-------++-------
Melee: Flail             |   142 |   192 |   552 |   286 |       |       |       |       |       ||  1172
       Morningstar       |       |       |       |   952 |   876 |       |       |       |       ||  1828
       Demon trident     |       |       |       |       |   889 |  1868 |  1727 |  1742 |       ||  6226
       Trident           |       |       |       |       |       |       |       |     9 |   892 ||   901
Throw: Stone             |       |     2 |     4 |     3 |       |       |       |       |       ||     9
       Javelin           |       |       |       |     4 |    40 |   120 |   171 |   259 |     8 ||   602
       Throwing net      |       |       |       |     1 |       |       |       |       |       ||     1
       Tomahawk          |       |       |       |       |       |    86 |       |    21 |       ||   107
 Cast: Summon Lightning  |       |       |       |       |       |       |    20 |   141 |    63 ||   224
       Swiftness         |       |       |       |       |       |       |     1 |       |       ||     1
       Petrify           |       |       |       |       |       |       |       |       |     1 ||     1
Invok: Heroism           |       |       |     4 |    16 |    26 |    33 |    28 |    32 |       ||   139
       Finesse           |       |       |       |     2 |    18 |    26 |    16 |    19 |       ||    81
       Cleansing Flame   |       |       |       |       |       |       |       |       |    12 ||    12
       Divine Shield     |       |       |       |       |       |       |       |       |     1 ||     1
Evoke: Wand              |       |       |       |       |       |       |     1 |       |       ||     1
  Use: Scroll            |     1 |     2 |    11 |    11 |    10 |    14 |    18 |    18 |       ||    85
       Potion            |       |     2 |       |     5 |     1 |     8 |     5 |     4 |     4 ||    29
 Stab: Petrified         |       |       |       |       |    12 |       |       |       |       ||    12
       Petrifying        |       |       |       |       |     1 |       |       |       |       ||     1
       Distracted        |       |       |       |       |       |     1 |     3 |    20 |       ||    24
       Sleeping          |       |       |       |       |       |       |       |     6 |       ||     6
  Eat: Chunk             |     2 |     3 |     7 |     6 |    18 |    16 |    15 |    44 |     1 ||   112
       Ration            |       |     1 |     2 |     7 |     6 |     7 |     7 |     3 |     4 ||    37
Armor: Scale mail        |    63 |    63 |       |       |       |    89 |   377 |   313 |   155 ||  1060
       Plate armour      |       |    63 |   405 |   512 |   508 |   501 |       |       |       ||  1989
       Fire dragon scale |       |       |       |   113 |   292 |       |       |       |       ||   405
Dodge: Dodged            |    38 |    54 |   129 |   207 |   571 |   453 |   337 |   286 |   112 ||  2187
Block: Shield            |    74 |    88 |   369 |   601 |   961 |   697 |   976 |   954 |   482 ||  5202
       Large shield      |       |       |       |       |       |   666 |       |       |       ||   666
       Reflection        |       |       |       |       |       |    94 |   153 |   106 |    17 ||   370

Table legend:
 A = Spawn XP
 B = Non-spawn XP
 C = Spawn XP percentage of total XP
 D = Spawn monster count
 E = Non-spawn monster count
 F = Spawn count percentage of total count
 G = Total turns spent on level
                    A         B        C        D         E        F      G
               +---------+---------+-------+---------+---------+-------+---------
         Total |       0 | 1039059 |   0.0 |       0 |    1991 |   0.0 | 61434
               +---------+---------+-------+---------+---------+-------+---------
           D:1 |       0 |      37 |   0.0 |       0 |      21 |   0.0 |  1014
           D:2 |       0 |      61 |   0.0 |       0 |      20 |   0.0 |   786
           D:3 |       0 |     208 |   0.0 |       0 |      32 |   0.0 |  1174
           D:4 |       0 |     728 |   0.0 |       0 |      12 |   0.0 |   902
           D:5 |       0 |     421 |   0.0 |       0 |      16 |   0.0 |  1041
           D:6 |       0 |     249 |   0.0 |       0 |       8 |   0.0 |  1108
           D:7 |       0 |    1693 |   0.0 |       0 |      26 |   0.0 |   969
           D:8 |       0 |    2156 |   0.0 |       0 |      37 |   0.0 |  1315
           D:9 |       0 |    4932 |   0.0 |       0 |      53 |   0.0 |  1598
          D:10 |       0 |    5247 |   0.0 |       0 |      48 |   0.0 |  1378
          D:11 |       0 |    6574 |   0.0 |       0 |      29 |   0.0 |  1779
          D:12 |       0 |   17371 |   0.0 |       0 |      75 |   0.0 |  1605
          D:13 |       0 |   15891 |   0.0 |       0 |      54 |   0.0 |  1577
          D:14 |       0 |   24458 |   0.0 |       0 |      59 |   0.0 |  1663
          D:15 |       0 |   14207 |   0.0 |       0 |      22 |   0.0 |  1469
        Lair:1 |       0 |    2747 |   0.0 |       0 |      12 |   0.0 |  2023
        Lair:2 |       0 |    4308 |   0.0 |       0 |      16 |   0.0 |   990
        Lair:3 |       0 |   12589 |   0.0 |       0 |      48 |   0.0 |  1407
        Lair:4 |       0 |    5039 |   0.0 |       0 |      17 |   0.0 |   646
        Lair:5 |       0 |   10723 |   0.0 |       0 |      29 |   0.0 |   966
        Lair:6 |       0 |   20446 |   0.0 |       0 |      42 |   0.0 |  1332
      Shoals:1 |       0 |   13373 |   0.0 |       0 |      29 |   0.0 |  1228
      Shoals:2 |       0 |    7683 |   0.0 |       0 |      14 |   0.0 |   816
      Shoals:3 |       0 |   23914 |   0.0 |       0 |      51 |   0.0 |  1012
      Shoals:4 |       0 |   49529 |   0.0 |       0 |      63 |   0.0 |  2247
       Snake:1 |       0 |   17701 |   0.0 |       0 |      27 |   0.0 |   626
       Snake:2 |       0 |   28030 |   0.0 |       0 |      53 |   0.0 |  1097
       Snake:3 |       0 |   26017 |   0.0 |       0 |      48 |   0.0 |  1161
       Snake:4 |       0 |   70818 |   0.0 |       0 |     113 |   0.0 |  1746
         Orc:1 |       0 |    3649 |   0.0 |       0 |      41 |   0.0 |   802
         Orc:2 |       0 |   11013 |   0.0 |       0 |      58 |   0.0 |  1417
         Elf:1 |       0 |   25268 |   0.0 |       0 |      38 |   0.0 |  1049
         Elf:2 |       0 |   31435 |   0.0 |       0 |      50 |   0.0 |  1279
         Elf:3 |       0 |   83211 |   0.0 |       0 |      76 |   0.0 |  2830
      Vaults:1 |       0 |   61323 |   0.0 |       0 |     101 |   0.0 |  2014
      Vaults:2 |       0 |   39862 |   0.0 |       0 |      57 |   0.0 |  1473
      Vaults:3 |       0 |   37341 |   0.0 |       0 |      64 |   0.0 |  1415
      Vaults:4 |       0 |   43102 |   0.0 |       0 |      74 |   0.0 |  1231
       Crypt:1 |       0 |   71171 |   0.0 |       0 |      78 |   0.0 |  2285
       Crypt:2 |       0 |    5385 |   0.0 |       0 |       7 |   0.0 |    99
      Depths:1 |       0 |   23795 |   0.0 |       0 |      35 |   0.0 |   793
      Depths:2 |       0 |   43827 |   0.0 |       0 |      61 |   0.0 |  1384
      Depths:3 |       0 |   89616 |   0.0 |       0 |      73 |   0.0 |  1953
      Depths:4 |       0 |   21305 |   0.0 |       0 |      28 |   0.0 |   766
      Depths:5 |       0 |   46998 |   0.0 |       0 |      40 |   0.0 |  1122
         IceCv |       0 |    9726 |   0.0 |       0 |      24 |   0.0 |  1802
       Volcano |       0 |    3882 |   0.0 |       0 |      12 |   0.0 |   629
               +---------+---------+-------+---------+---------+-------+---------
